Cogmind - Beta 10.2 @@@ ROGUE MODE // 2021.02.19 @ 13:40:14 Player: Locus Result: Destroyed by as-27649 with Assembled Rifle Performance ------------- Evolutions (1) 500 Regions Visited (5) 1000 Robots Destroyed (43) 215 Value Destroyed (974) 974 Prototype IDs (0) 0 Alien Tech Used (0) 0 Bonus (-18) -18 TOTAL SCORE: 2671 Bonus ------- Friendly Fire -18 Cogmind --------- Core Integrity 0/400 Matter 300/300 Energy 150/150 System Corruption 8% Temperature Cool (104) Movement Treading (160) Location -9/Exiles Parts ------- > --- POWER (1) -------- Light Angular Momentum Engine > --- PROPULSION (2) --- Light Treads > --- UTILITY (3) ------ Small Storage Unit Small Storage Unit > --- WEAPON (3) ------- Light Assault Rifle Light Assault Rifle > --- INVENTORY (8) ---- Light Nuclear Core Light Treads Improved Heat Sink High-capacity Matter Pod (200) Targeting Computer Hacking Suite Rocket Launcher Peak State ------------ > --- POWER ------------ Deuterium Engine > --- PROPULSION ------- Light Treads Advanced Treads > --- UTILITY ---------- Small Storage Unit Small Storage Unit Hacking Suite > --- WEAPON ----------- Medium Laser Small Laser Heavy Assault Rifle > --- INVENTORY -------- Ion Engine Light Nuclear Core Light Treads High-capacity Matter Pod Targeting Computer Light Armor Plating Hacking Suite [Rating: 17] Favorites ----------- Power Deuterium Engine Engine Deuterium Engine Propulsion Light Treads Treads Light Treads Wheel Wheel Utility Small Storage Unit Storage Small Storage Unit Processor Signal Interpreter Hackware Hacking Suite Protection Light Armor Plating Weapon Small Laser Energy Gun Small Laser Ballistic Gun Light Assault Rifle Build | -11 -10 -10 -9 -9 -9 ------- Run | Scr Mat Min Mat Min Exi Slots Evolved 2 | . . . 2 . . Power . | . . . . . . Propulsion . | . . . . . . Utility 1 | . . . 1 . . Weapon 1 | . . . 1 . . Parts Attached 38 | 7 2 4 21 4 . Power 5 | 1 . 1 2 1 . Engine 5 | 1 . 1 2 1 . Core . | . . . . . . Reactor . | . . . . . . Propulsion 8 | 2 . 1 5 . . Treads 4 | . . . 4 . . Leg . | . . . . . . Wheel 4 | 2 . 1 1 . . Hover . | . . . . . . Flight . | . . . . . . Utility 10 | 2 . 2 5 1 . Device . | . . . . . . Storage 3 | 2 . 1 . . . Processor 1 | . . 1 . . . Hackware 1 | . . . 1 . . Protection 5 | . . . 4 1 . Artifact . | . . . . . . Weapon 15 | 2 2 . 9 2 . Energy Gun 9 | 1 1 . 6 1 . Energy Cannon . | . . . . . . Ballistic Gun 6 | 1 1 . 3 1 . Ballistic Cannon . | . . . . . . Launcher . | . . . . . . Special Weapon . | . . . . . . Impact Weapon . | . . . . . . Slashing Weapon . | . . . . . . Piercing Weapon . | . . . . . . Special Melee Weapon . | . . . . . . Unidentified Prototypes . | . . . . . . Parts Lost 19 | . . 2 11 3 3 Power 2 | . . . 2 . . Propulsion 4 | . . 1 2 . 1 Utility 3 | . . . 1 1 1 Weapon 10 | . . 1 6 2 1 Highest Loss Streak 4 | . . 2 4 1 3 Average Slot Usage (%) 95 | . 100 100 88 99 100 Engine 11 | . 14 14 11 11 11 Treads 14 | . . . 20 22 22 Wheel 8 | . 28 28 1 . . Storage 23 | . 28 26 22 22 22 Protection 6 | . . . 6 10 11 Energy Gun 13 | . 15 14 15 10 11 Ballistic Gun 14 | . 12 14 8 22 22 Naked Turns . | . . . . . . Heaviest Build 25 | 15 15 21 24 25 23 Greatest Support 42 | 20 20 26 42 40 40 Greatest Overweight (x) 1 | . . 1 1 . . Average Overweight (x) . | . . . . . . Largest Inventory Capacity 8 | 8 8 8 8 8 8 Average Capacity 7 | 5 8 7 8 8 8 Most Carried 8 | 6 8 8 8 8 8 Average Carried 7 | 4 6 7 7 7 7 Final Capacity 8 | 8 8 8 8 8 8 Final Carried 8 | 5 8 8 8 7 7 Class Distribution -------------------- 47% | Scavenger-Tank 44% | Mutant 6% | Scavenger-Mutant Dominant Class ---------------- Mutant | -10/Materials Mutant | -10/Mines Scavenger-Tank | -9/Materials Scavenger-Tank | -9/Mines Scavenger-Tank | -9/Exiles Resources | -11 -10 -10 -9 -9 -9 ----------- Run | Scr Mat Min Mat Min Exi Matter Collected 962 | 276 90 254 201 141 . Remotely . | . . . . . . Salvage Created 1475 | 86 202 205 711 271 . Parts 77 | 2 9 8 37 21 . Haulers Intercepted 2 | . 1 . 1 . . Recyclers Shooed 4 | . . 1 1 2 . Parts Field Recycled . | . . . . . . Retrieved Matter . | . . . . . . Parts Self-Destructed . | . . . . . . Prevented . | . . . . . . Kills | -11 -10 -10 -9 -9 -9 ------- Run | Scr Mat Min Mat Min Exi Combat Hostiles Destroyed 36 | . 2 5 16 13 . Melee 5 | . . . 5 . . Guns 30 | . 2 5 10 13 . Classes Destroyed 9 | 1 3 2 3 . . Hauler 2 | . 1 . 1 . . Recycler 3 | 1 1 1 . . . Operator 3 | . 1 . 2 . . Swarmer 15 | . . 2 3 10 . Grunt 14 | . 2 2 8 2 . Brawler 1 | . . . 1 . . Duelist 2 | . . . 1 1 . Sentry 3 | . . . 3 . . Assembled 1 | . . 1 . . . Best Kill Streak 6 | 1 2 2 6 4 . Combat Bots Only 6 | . 2 2 6 4 . Max Kills in Single Turn 2 | 1 1 2 2 2 . Gunslinging 1 | . . 1 1 1 . Exploded . | . . . . . . Melee 1 | . . . 1 . . Uniques/NPCs Destroyed . | . . . . . . Combat | -11 -10 -10 -9 -9 -9 -------- Run | Scr Mat Min Mat Min Exi Damage Taken 2394 | . 123 355 1180 521 215 Core 570 | . 26 144 281 64 55 Absorbed by Shields . | . . . . . . Core Remaining (%) 66 | 100 . 32 . . . Volleys Fired 112 | 2 15 19 41 33 2 Largest 3 | 2 2 2 3 3 3 Hottest 145 | 70 70 70 145 83 80 Shots Fired 244 | 4 30 37 80 87 6 Gun 244 | 4 30 37 80 87 6 Cannon . | . . . . . . Launcher . | . . . . . . Special . | . . . . . . Kinetic 130 | 2 15 19 28 62 4 Thermal 106 | 2 15 18 44 25 2 Explosive . | . . . . . . Electromagnetic 8 | . . . 8 . . Robot Hit Streak 25 | 2 25 7 11 7 3 Robot Miss Streak 5 | 1 1 4 5 5 1 Penetration Max . | . . . . . . Secondary Targets 7 | . . 1 2 4 . Max Gunslinging Chain 1 | . . 1 1 1 . Shots Hit Robots 166 | 3 26 21 62 50 4 Core Hits 94 | 2 9 11 51 19 2 Critical Hits . | . . . . . . Critical Kills . | . . . . . . Critical Parts Destroyed . | . . . . . . Melee Attacks . | . . . . . . Impact . | . . . . . . Slashing . | . . . . . . Piercing . | . . . . . . Sneak Attacks . | . . . . . . Combat Hostiles . | . . . . . . Follow-up Attacks . | . . . . . . Damage Inflicted 2019 | 51 333 216 880 496 43 Guns 1927 | 51 333 216 788 496 43 Cannons . | . . . . . . Explosions . | . . . . . . Melee . | . . . . . . Ramming 92 | . . . 92 . . Kinetic 866 | 26 157 92 241 319 31 Thermal 969 | 25 176 124 455 177 12 Explosive . | . . . . . . Electromagnetic 92 | . . . 92 . . Impact . | . . . . . . Slashing . | . . . . . . Piercing . | . . . . . . Highest Corruption 8 | . . . . . 8 Average Corruption 8 | . . . . . 8 Corruption Purged . | . . . . . . Overload Shots . | . . . . . . Overflow Damage 1 | . . . 1 . . Projectiles . | . . . . . . Explosions . | . . . . . . Melee 1 | . . . 1 . . Knockbacks 1 | . . . 1 . . Impact 1 | . . . 1 . . Kinetic . | . . . . . . Secondary . | . . . . . . Self-Inflicted Damage . | . . . . . . Shots . | . . . . . . Rammed 51 | . . . 51 . . Targets Rammed 55 | . . . 55 . . Kicked . | . . . . . . Crushed 4 | . . . 4 . . Highest Temperature 348 | 18 99 105 348 280 105 Average Temperature 83 | 10 33 34 97 117 76 Received Heat Transfer 669 | . 42 53 417 117 40 Effects 3 | . . . . 3 . Interference 3 | . . . . 3 . Siege Activations . | . . . . . . Robots Corrupted 1 | . . . 1 . . Combat Hostiles 1 | . . . 1 . . Parts Fried 3 | . . . 3 . . Impact Corruptions 1 | . . . 1 . . Robots Melted . | . . . . . . Combat Hostiles . | . . . . . . Parts Melted 4 | . . 1 2 1 . Heat Transferred 2307 | 74 518 370 920 400 25 Parts Sabotaged . | . . . . . . Parts Stolen . | . . . . . . Parts Stripped . | . . . . . . Power Chain Reactions . | . . . . . . Missiles Intercepted . | . . . . . . Alert | -11 -10 -10 -9 -9 -9 ------- Run | Scr Mat Min Mat Min Exi Peak Influence 262 | 5 112 183 262 223 . Initial 102 | . 3 43 63 102 . Average 110 | 1 57 103 103 158 . Maximum Alert Level 1 | . . . 1 1 . Low Security (%) 87 | 100 100 100 85 76 . Level 1 12 | . . . 14 23 . Level 2 . | . . . . . . Level 3 . | . . . . . . Level 4 . | . . . . . . Level 5 . | . . . . . . High Security . | . . . . . . Max Security . | . . . . . . Squads Dispatched 5 | . 1 . 4 . . Investigation . | . . . . . . Extermination . | . . . . . . Reinforcement 5 | . 1 . 4 . . Assault . | . . . . . . Garrison . | . . . . . . Intercept . | . . . . . . Construction Impeded . | . . . . . . Haulers Reinforced . | . . . . . . Stealth | -11 -10 -10 -9 -9 -9 --------- Run | Scr Mat Min Mat Min Exi Distress Signals 2 | . . . 2 . . Communications Jammed . | . . . . . . Distress Signals . | . . . . . . Times Spotted 69 | . 7 12 25 17 8 Peak Tracking Total 15 | . 4 15 5 5 9 Tactical Retreats 2 | . . 1 . 1 . Traps | -11 -10 -10 -9 -9 -9 ------- Run | Scr Mat Min Mat Min Exi Traps Triggered 3 | . 1 1 1 . . Indirectly . | . . . . . . Trap Hack Attempts . | . . . . . . Triggered . | . . . . . . Disarmed . | . . . . . . Reprogrammed . | . . . . . . Reused . | . . . . . . Traps Extracted . | . . . . . . Installed 1 | . . . . 1 . Triggered . | . . . . . . Machines | -11 -10 -10 -9 -9 -9 ---------- Run | Scr Mat Min Mat Min Exi Machines Disabled . | . . . . . . Max in Single Turn . | . . . . . . Machines Sabotaged . | . . . . . . Garrisons Compromised . | . . . . . . Overloaded Fab Kills . | . . . . . . Fab Network Shutdowns . | . . . . . . Hacking | -11 -10 -10 -9 -9 -9 --------- Run | Scr Mat Min Mat Min Exi Machines Accessed 5 | . 2 1 2 . . Terminals 2 | . . . 2 . . Fabricators . | . . . . . . Repair Stations 1 | . 1 . . . . Recycling Units 1 | . 1 . . . . Scanalyzers . | . . . . . . Garrison Access . | . . . . . . Total Hacks 14 | . 3 1 10 . . Successful 11 | . 3 1 7 . . Failed 3 | . . . 3 . . Catastrophic . | . . . . . . Database Lockouts . | . . . . . . Manual 7 | . . . 7 . . Terminals 10 | . . . 10 . . Fabricators . | . . . . . . Repair Stations 2 | . 2 . . . . Recycling Units 1 | . 1 . . . . Scanalyzers . | . . . . . . Garrison Access . | . . . . . . Terminal Hacks 8 | . . 1 7 . . Open Door 1 | . . 1 . . . Branch Access Points 1 | . . . 1 . . Alert Level 1 | . . . 1 . . Unreport Threat 2 | . . . 2 . . Recall Investigation 1 | . . . 1 . . Recall Reinforcements 1 | . . . 1 . . Zone Layout 1 | . . . 1 . . Fabricator Hacks . | . . . . . . Repair Station Hacks 2 | . 2 . . . . Scan Component 1 | . 1 . . . . Repair 1 | . 1 . . . . Recycling Unit Hacks 1 | . 1 . . . . Report Inventory 1 | . 1 . . . . Scanalyzer . | . . . . . . Garrison Access Hacks . | . . . . . . Unauthorized Hacks . | . . . . . . Terminals . | . . . . . . Fabricators . | . . . . . . Repair Stations . | . . . . . . Recycling Units . | . . . . . . Scanalyzers . | . . . . . . Garrison Access . | . . . . . . Data Cores Recovered . | . . . . . . Used . | . . . . . . Hacking Detections 2 | . . . 2 . . Full Trace Events . | . . . . . . Feedback Events . | . . . . . . Feedback Blocked . | . . . . . . Robot Schematics Acquired . | . . . . . . Robots Built . | . . . . . . Matter . | . . . . . . Time . | . . . . . . Total Robot Build Rating . | . . . . . . Part Schematics Acquired . | . . . . . . Parts Built . | . . . . . . Matter . | . . . . . . Time . | . . . . . . Total Part Build Rating . | . . . . . . Parts Repaired 1 | . 1 . . . . Time 13 | . 13 . . . . Parts Recycled . | . . . . . . Recycled Matter . | . . . . . . Retrieved Matter . | . . . . . . Retrieved Components . | . . . . . . Parts Scanalyzed . | . . . . . . Part Schematics Acquired . | . . . . . . Parts Damaged . | . . . . . . Bothacking | -11 -10 -10 -9 -9 -9 ------------ Run | Scr Mat Min Mat Min Exi Used RIF Installer . | . . . . . . Robots Hacked . | . . . . . . Non-combat . | . . . . . . Combat . | . . . . . . Robot Hacks Applied . | . . . . . . Relay Couplers Released . | . . . . . . Robots Rewired . | . . . . . . Allies Hacked . | . . . . . . Hacks Repelled . | . . . . . . Allies | -11 -10 -10 -9 -9 -9 -------- Run | Scr Mat Min Mat Min Exi Total Allies 1 | . . . . 1 . Largest Group 1 | . . . . 1 . Highest-Rated Group 31 | . . . . 31 . Highest-Rated Ally 31 | . . . . 31 . Total Orders . | . . . . . . Ally Attacks 3 | . . . . 3 . Total Damage 66 | . . . . 66 . Kills . | . . . . . . Allies Corrupted . | . . . . . . Allies Melted . | . . . . . . Intel | -11 -10 -10 -9 -9 -9 ------- Run | Scr Mat Min Mat Min Exi Robot Analysis Total . | . . . . . . Derelict Logs Recovered 2 | . . 1 . 1 . Drone Launches . | . . . . . . Drone Recoveries . | . . . . . . Exploration | -11 -10 -10 -9 -9 -9 ------------- Run | Scr Mat Min Mat Min Exi Turns Passed 2131 | 66 252 353 792 579 89 Spaces Moved 1263 | 60 195 297 367 293 51 Core 21 | 21 . . . . . Treads 666 | . . . 322 293 51 Legs . | . . . . . . Wheels 576 | 39 195 297 45 . . Hover . | . . . . . . Flight . | . . . . . . Fastest Speed 50 | 50 80 80 100 160 160 Average Speed 124 | 69 80 89 150 160 160 Slowest Speed 160 | 80 80 110 160 160 160 Overloaded Moves . | . . . . . . Propulsion Burnouts . | . . . . . . Robots Hopped . | . . . . . . Cave-ins Triggered . | . . . . . . Exploration Rate (%) 34 | 3 37 46 38 65 18 Regions Visited 5 Branch Regions 3 Pre-discovered Areas . | . . . . . . Known Exits Taken 2 | . . 1 1 . . Unknown Exits Taken 3 | 1 1 . . 1 . Scrap Searched 3 | . . 3 . . . Spaces Dug . | . . . . . . Terrain Destroyed . | . . . . . . Melee . | . . . . . . Projectile . | . . . . . . AOE . | . . . . . . Terrain Rammed . | . . . . . . Walls Destroyed . | . . . . . . Machines Disabled . | . . . . . . Actions | -11 -10 -10 -9 -9 -9 --------- Run | Scr Mat Min Mat Min Exi Total 1591 | 79 259 348 509 341 55 Wait 67 | . 44 11 5 7 . Move 1258 | 59 194 296 366 292 51 Hop . | . . . . . . Pick Up 43 | 11 4 9 16 2 1 Fast Attach 5 | 1 . 2 1 1 . Attach 23 | 6 . . 15 2 . Detach . | . . . . . . Swap 10 | . 2 2 5 1 . Drop 17 | . . 9 5 2 1 Fire 112 | 2 15 19 41 33 2 Melee . | . . . . . . Ram . | . . . . . . Kick . | . . . . . . Crush 55 | . . . 55 . . Escape Stasis . | . . . . . . Rewire . | . . . . . . Trap 1 | . . . . 1 . Miscellaneous . | . . . . . . Route ------- -11/Scrapyard -10/Materials (discovered 2 exits: *Mat / *Min) -10/Mines (discovered 2 exits: *Mat x2) -9/Materials (discovered 4 exits: [*Mat] / *Min x2 / Sto) -9/Mines (discovered 2 exits: [*Mat] / [*Exi]) -9/Exiles History --------- Turn | Location | Event 7 | -11/Scrapyard | Discovered new exit (range 15) 67 | -11/Scrapyard | Entered Materials 154 | -10/Materials | Discovered new exit (range 12) 282 | -10/Materials | Repaired Assault Rifle 305 | -10/Materials | Build established: Mutant 310 | -10/Materials | Discovered new exit (range 8) 319 | -10/Materials | Entered Mines 322 | -10/Mines | Met a Derelict who couldn't figure out how to use a Trap Extractor 413 | -10/Mines | Discovered new exit (range 8) 450 | -10/Mines | Identified exit to Materials 652 | -10/Mines | Assembled infested the area 672 | -10/Mines | Core integrity fell below 50% 672 | -10/Mines | Entered Materials 672 | -9/Materials | Evolved 2 slots: Utility x1, Weapon x1 766 | -9/Materials | Lost 3 parts (1n2w) 845 | -9/Materials | Identified exit to Mines 845 | -9/Materials | Identified exit to Storage 983 | -9/Materials | Core integrity fell below 50% 985 | -9/Materials | Lost 4 parts (1p3w) 1149 | -9/Materials | Discovered new exit (range 8) 1363 | -9/Materials | Build established: Scavenger-Tank 1464 | -9/Materials | Entered Mines 1467 | -9/Mines | Received a Mining Laser from a helpful Derelict 1485 | -9/Mines | Learned Materials terminal intel 1614 | -9/Mines | Found a hidden stash of uninstalled traps 1727 | -9/Mines | Core integrity fell below 20% 1781 | -9/Mines | Discovered new exit (range 12) 1841 | -9/Mines | Received a Rocket Launcher from a helpful Derelict 2037 | -9/Mines | Deemed a non-threat by the Exiles lab entrance 2037 | -9/Mines | Discovered new exit (range 5) 2043 | -9/Mines | Entered Exiles 2088 | -9/Exiles | Met 8R-AWN 2109 | -9/Exiles | Met EX-HEX 2128 | -9/Exiles | Attacked by the Exiles 2132 | -9/Exiles | Destroyed by as-27649 with Assembled Rifle Last Messages --------------- I'd love to just go ask the Imprinter what all this is about, she must know something, but I doubt that would end well. The Zionites will tell you those Marauders at the gates are defenses set up by Warlord... Nope, the Imprinter put them there mostly to keep us out! Anyway, I've got to get back to poking and prodding these nasty little guys. Go see BIN. I can't imagine you'll want to stay in our boring little cave for long, and we could use some help with the project in the back. 02128_ EXILES: Hostile robot within lab perimeter. Defensive protocols time, folks! 02130_ Lgt. Armor Plating destroyed. 02131_ Lgt. Treads destroyed. 02131_ Sml. Laser destroyed. 02131_ System corrupted by crushing effect (+4). 02131_ Penetrated by HV Slug. 02131_ HV Slug penetrates as-31478. 02131_ as-31478 destroyed. 02131_ Penetrated by HV Slug. 02131_ HV Slug penetrates Machine. Map ----- +----------------------------------------------------+ | ?????????????????????????????????????????????????? | | ?????????????????????????????????????????????????? | | ?????????????????????????????????????????????????? | | ?????????????????????????????????????????????????? | | ?????????????????????????????????????????????????? | | ?????????????????????????????????????????????????? | | ?????????????????????????????????????????????????? | | ?????????????????????????????????????????????????? | | ?????????????????????????????????????????????????? | | ?????????????????????????????????????????????????? | | ?????????????????????????????????????????????????? | | ?????????????????????????????????????????????????? | | ????????????????? ""??????????????????????????? | | ???????????????? "a?????????????#####????????? | | ?????????????? " "#??????????##" #????????? | | ????????????? ""###???????#" #????????? | | ????????????? """#??????##" ##???????? | | ???????????? "#????### ###?????? | | ???????????? c ##???# g ####### | | ??????????? ##?## #""""# | | ???????????" ### | | ?????????? ## * | | ??????????" #### | | ?????????? ""#?#"""""#### | | ????????? #"""##?#######??### | | ????????? @ ######?????????????? | | ????????? %aa ##??????????????????? | | ?????????? " ##???????????????????? | | ??????????? """ ""#????????????????????? | | ????????????? ?""#" aaa a "##????????????????????? | | ?????????????????##"""""""##?????????????????????? | | ??????????????????#########??????????????????????? | | ?????????????????????????????????????????????????? | | ?????????????????????????????????????????????????? | | ?????????????????????????????????????????????????? | | ?????????????????????????????????????????????????? | | ?????????????????????????????????????????????????? | | ?????????????????????????????????????????????????? | | ?????????????????????????????????????????????????? | | ?????????????????????????????????????????????????? | | ?????????????????????????????????????????????????? | | ?????????????????????????????????????????????????? | | ?????????????????????????????????????????????????? | | ?????????????????????????????????????????????????? | | ?????????????????????????????????????????????????? | | ?????????????????????????????????????????????????? | | ?????????????????????????????????????????????????? | | ?????????????????????????????????????????????????? | | ?????????????????????????????????????????????????? | | ?????????????????????????????????????????????????? | +----------------------------------------------------+ Best States ------------- Heat Dissipation 28 Energy Generation 18 Energy Capacity 275 Matter Stores 300 Matter Capacity 300 Sight Range 16 Terrain Scan Density 10 Armor Coverage 150 Evasion (%) 50 Recoil Reduction 2 Offensive Hacking 10 Item Schematics ----------------- None Robot Schematics ------------------ None Fabricated ------------ Nothing Alien Tech Used ----------------- None Achievements -------------- Fist Fight Challenges ------------ None Game ------ Seed CoolantNuclearNanoactuators Manual? 0 Play Time 00:31:45 Cumulative 19.8 hours Start 2021.02.19 @ 04:14:57 End 2021.02.19 @ 13:40:14 Sessions 3 Manual Loads 0 Difficulty Rogue Special Mode None Game No. 16 Rogue 16 Adventurer 0 Explorer 0 Win Type - Total 0 Types 0/0/0/0/0/0/0/0/0 Lore% 19 Gallery% 27 Achievement% 20 Wizard Run 0 Options --------- ASCII 0 Keyboard 0 Movement Numpad Keybinds 0 Fullscreen 0 Font 16/SmallcapsGlow Map View 76x50 Tactical HUD 1 Map Filters NONE Filters NONE Steam 1 RUN: 85c42c64-4679-45a9-b064-517c4aff7fda